 Dungeon Crawl Stone Soup version 0.29.1-12-g30fa7ad0bf (webtiles) character file.

Game seed: 4711483216955006050

105 Descartes the Shield-Bearer (level 5, -2/43 HPs)
             Began as a Formicid Fighter on Jan 8, 2023.
             Slain by Grinder (7 damage)
             ... on level 3 of the Dungeon.
             The game lasted 00:03:12 (2670 turns).

Descartes the Shield-Bearer (Formicid Fighter)      Turns: 2670, Time: 00:03:13

Health: -2/43      AC:  8    Str: 23    XL:     5   Next: 9%
Magic:  5/5        EV:  9    Int:  7    God:
Gold:   91         SH:  5    Dex: 13    Spells: 4/4 levels left

rFire   + . .      SeeInvis +   a - +0 war axe
rCold   + . .      Faith    .   c - +0 buckler
rNeg    . . .      Spirit   .   b - +0 scale mail
rPois   .          Reflect  .   (helmet unavailable)
rElec   .          Harm     .   h - scarf {rC+ rF+}
rCorr   .          Rampage  .   (no gloves)
Will    .....                   j - +0 pair of boots
Stlth   ..........              (no amulet)
HPRegen 0.14/turn               (no ring)
MPRegen 0.09/turn               (no ring)

@: mighty, attractive
A: permanent stasis, dig shafts and tunnels, antennae 3, four strong arms
a: Dig, Shaft Self


You were on level 3 of the Dungeon.
You visited 1 branch of the dungeon, and saw 3 of its levels.

You collected 91 gold pieces.

Inventory:

Hand Weapons
 a - a +0 war axe (weapon)
Armour
 b - a +0 scale mail (worn)
 c - a +0 buckler (worn)
 h - a scarf of resistance (worn)
 j - a +0 pair of boots (worn)
Jewellery
 l - a ring of flight
 m - a +4 ring of evasion
 p - a ring of protection from fire
Wands
 o - a wand of acid (5)
Scrolls
 e - a scroll of enchant armour {unknown}
 f - 2 scrolls of fog {unknown}
 i - 3 scrolls of identify {unknown}
 n - a scroll of silence {unknown}
 q - a scroll of fear {unknown}
Potions
 d - a potion of might
 g - a potion of brilliance {unknown}


   Skills:
 * Level 4.3 Fighting
 + Level 2.4 Axes
 + Level 3.7 Armour
 * Level 5.0 Shields
 + Level 1.4 Evocations


You had 4 spell levels left.
You didn't know any spells.
Your spell library contained the following spells:

 Spells                   Type           Power      Damage    Failure   Level
 Freeze                   Ice            0%         1d3       80%         1
 Slow                     Hex            0%         N/A       80%         1
 Confusing Touch          Hex            0%         N/A       99%         3
 Frozen Ramparts          Ice            0%         1d1       99%         3
 Vampiric Draining        Necr           0%         2d6       99%         3
 Hailstorm                Conj/Ice       0%         3d3       100%        4


Dungeon Overview and Level Annotations

Branches:
Dungeon (3/15)

Altars:
Uskayaw

Annotations:
D:3 Grinder


Innate Abilities, Weirdness & Mutations

You cannot be hasted, slowed, berserked, paralysed or teleported.
You can dig through walls and to a lower floor.
You have a pair of large antennae on your head. (SInv)
Your four strong arms can wield two-handed weapons with a shield.


Message History

The jackal barks!
You slash Grinder!
Grinder is moderately wounded.
Grinder gestures at you. You resist with significant effort.
You hit Grinder.
Grinder is heavily wounded.
Grinder barely misses you.
A rat comes into view.
Grinder hits you.
You writhe in agony.
You closely miss Grinder.
Grinder is heavily wounded.
You hear the slow rusting of a very distant drain.
You block Grinder's attack.
You hit Grinder.
Grinder is heavily wounded.
You block Grinder's attack.
You hit Grinder.
Grinder is heavily wounded.
Grinder hits you.
You writhe in agony.
Grinder hits you!
* * * LOW HITPOINT WARNING * * *
You writhe in agony.
* * * LOW HITPOINT WARNING * * *
You are too injured to fight recklessly!
You are too injured to fight recklessly!
You are too injured to fight recklessly!
You are too injured to fight recklessly!
You are too injured to fight recklessly!
You are too injured to fight recklessly!
You are too injured to fight recklessly!
You are too injured to fight recklessly!
You are too injured to fight recklessly!
You are too injured to fight recklessly!
You feel very mighty all of a sudden. Grinder completely misses you.
It was a potion of attraction.
You feel attractive to monsters. Grinder says, "Are you a fish?"
Grinder hits you!
You die...

..# #.# #.##### #
#.##... #. #.##.#.
#.####### #....#.
........# #..####
###.....######...#.
#.@............#.#.
#5#.....######.#...
rhh#.....# #.#).#
#######.### #..#.#
#.# #.#.## #.#
#.#.# #.# #.#.# #.#
.#.# #.# #.#


You could see Grinder, 2 jackals and a rat.

Vanquished Creatures
  Terence (D:2)
  2 adders (D:2)
  A dart slug (D:2)
  6 endoplasms
  2 giant cockroaches (D:2)
  3 goblins
  5 hobgoblins
  6 jackals
  5 kobolds
  5 quokkas
  6 ball pythons
  8 bats
  2 frilled lizards (D:2)
  2 rats (D:1)
54 creatures vanquished.

Notes
Turn   | Place    | Note
-------+----------+-------------------------------------------
     0 | D:1      | Descartes the Formicid Fighter began the quest for the Orb.
     0 | D:1      | Reached XP level 1. HP: 18/18 MP: 1/1
   321 | D:1      | Reached XP level 2. HP: 22/24 MP: 2/2
   750 | D:1      | Reached XP level 3. HP: 30/30 MP: 3/3
   923 | D:1      | Found a faded altar of an unknown god.
  1217 | D:1      | Reached skill level 1 in Evocations
  1632 | D:2      | Reached XP level 4. HP: 23/37 MP: 4/4
  1977 | D:2      | Found a hide-covered altar of Uskayaw.
  2420 | D:2      | Noticed Terence
  2429 | D:2      | Killed Terence
  2430 | D:2      | Reached XP level 5. HP: 34/43 MP: 5/5
  2629 | D:3      | Reached skill level 5 in Shields
  2654 | D:3      | Noticed Grinder
  2670 | D:3      | Slain by Grinder

Illustrated notes

Levels and vault maps discovered:
D:1:      erik_arrival_orb_chamber, layout_basic, ebering_ecumenical_altar_mist,
          hangedman_abyss_or_decor_stabs, minmay_shallow_snake_nest
D:2:      layout_loops_corners, basic_altar, uniq_terence
D:3:      layout_loops_ring, cheibrodos_sewer_entry_bend, uniq_grinder,
          uniq_sigmund, uniq_natasha

Skill      XL: |  1  2  3  4  5 |
---------------+----------------+-----
Evocations     | 1 |  1.4
Fighting       | 4 |  4.3
Shields        | 5 |  5.0
Axes           | |  2.4
Armour         | |  3.7

Action                   |  1- 3 |  4- 6 || total
-------------------------+-------+-------++-------
Melee: War axe           |   107 |    68 ||   175
  Use: Potion            |       |     2 ||     2
Armor: Scale mail        |    63 |    38 ||   101
Dodge: Dodged            |    57 |    37 ||    94
Block: Buckler           |    36 |    11 ||    47
